 Dungeon Crawl Stone Soup version 0.29.1-12-g30fa7ad0bf (webtiles) character file.

Game seed: 17581776822046074673

517 cheesebisquit the Cleaver (level 7, -4/58 HPs)
             Began as a Minotaur Berserker on Dec 13, 2022.
             Was a Believer of Trog.
             Slain by an ogre
             ... wielding a +0 giant spiked club
              (24 damage)
             ... on level 5 of the Dungeon.
             The game lasted 00:16:20 (3840 turns).

cheesebisquit the Cleaver (Minotaur Berserker)      Turns: 3840, Time: 00:16:20

Health: -4/58      AC: 10    Str: 24    XL:     7   Next: 0%
Magic:  6/6        EV: 12    Int:  4    God:    Trog [**....]
Gold:   174        SH:  0    Dex:  9    Spells: 6/6 levels left

rFire   . . .      SeeInvis .   a - +0 hand axe
rCold   . . .      Faith    .   (no shield)
rNeg    . . .      Spirit   .   B - +0 chain mail
rPois   .          Reflect  .   (helmet restricted)
rElec   .          Harm     .   (no cloak)
rCorr   .          Rampage  .   E - +0 pair of gloves
Will    .....                   (no boots)
Stlth   ..........              t - amulet of the acrobat
HPRegen 0.19/turn               D - +4 ring of evasion
MPRegen 0.10/turn               (no ring)

@: on berserk cooldown, slowed, very slow
A: horns 2, retaliatory headbutt
a: Renounce Religion, Berserk, Trog's Hand


You were on level 5 of the Dungeon.
You worshipped Trog.
Trog was pleased with you.
You visited 1 branch of the dungeon, and saw 5 of its levels.

You collected 174 gold pieces.

Inventory:

Hand Weapons
 a - a +0 hand axe (weapon)
 b - a +0 sling
 y - a +0 flail of venom
Missiles
 h - 2 poisoned darts (quivered)
 s - 30 stones
Armour
 g - a +0 ring mail
 r - a +0 scale mail
 z - a +0 animal skin
 B - a +0 chain mail (worn)
 E - a +0 pair of gloves (worn)
Jewellery
 t - an amulet of the acrobat (around neck)
 D - a +4 ring of evasion (left hand)
Wands
 C - a wand of light (12)
Scrolls
 d - 3 scrolls of poison
 e - a scroll of blinking {unknown}
 m - a scroll of immolation {unknown}
 n - a scroll of acquirement {unknown}
 o - a scroll of teleportation
 q - a scroll of fear
 u - a scroll of fog {unknown}
 w - a scroll of enchant weapon {unknown}
Potions
 f - 2 potions of resistance
 i - 4 potions of flight
 j - a potion of lignification {unknown}
 k - a potion of haste {unknown}
 p - 2 potions of heal wounds
 x - a potion of magic {unknown}
 A - 2 potions of ambrosia


   Skills:
 - Level 3.7 Fighting
 + Level 9.5 Axes
 - Level 2.5 Armour
 - Level 2.2 Dodging


You had 6 spell levels left.
You didn't know any spells.
Your spell library was empty.

Dungeon Overview and Level Annotations

Branches:
Dungeon (5/15)             Temple (0/1) D:4

Altars:
Hepliaklqana
Qazlal

Shops:
D:1 !!=!   D:2 [   D:4 *


Innate Abilities, Weirdness & Mutations

You have a pair of horns on your head.
You reflexively headbutt those who attack you in melee.


Message History

The gnoll hits you from afar with a +0 spear.
* * * LOW HITPOINT WARNING * * *
The gnoll closely misses you.
You slash the gnoll!
You kill the gnoll!
Trog accepts your kill.
An iguana comes into view.
The gnoll completely misses you.
Things that are here:
a +0 spear; a gnoll corpse You closely miss the gnoll.
You are no longer berserk.
You are exhausted.
You feel yourself slow down. The gnoll hits you with a +0 spear.
* * * LOW HITPOINT WARNING * * *
You feel much better.
You feel the effects of Trog's Hand fading.
The gnoll hits you with a +0 spear.
You completely miss the gnoll. Your headbutt misses the gnoll.
The gnoll hits you with a +0 spear.
You hit the gnoll but do no damage.
The sentinel's mark upon you fades away.
The gnoll hits you but does no damage. x2
You hit the gnoll. You headbutt the gnoll!
The gnoll is almost dead.
The gnoll closely misses you.
You hit the gnoll.
You kill the gnoll!
Trog accepts your kill.
Your skin stops crawling.
You feel less strong-willed.
You have reached level 7!
You barely miss the ogre. The ogre closely misses you.
A worm comes into view.
You slash the ogre!
The ogre is heavily wounded.
The ogre hits you with a +0 giant spiked club.
You slash the ogre! Your headbutt misses the ogre.
The ogre is severely wounded.
The ogre hits you with a +0 giant spiked club!!
You die...

#.#.# ##.#.#
##....# #
##.....## #.
#......<# .w
#.......# #.
#.......#
#.#####†....####)#
#lO@)))..#.......#
#.#######.†#####.#
#. #..# .. #..# ..
.... .. ....## #
.##.## #. #.


You could see an ogre, a worm and an iguana.

Vanquished Creatures
  A water moccasin (D:4)
  An ogre (D:3)
  A gnoll sergeant (D:5)
  A hound (D:4)
  An iguana (D:5)
  7 gnolls
  5 adders
  4 worms
  5 dart slugs
  2 orcs
  3 bats (D:1)
  3 endoplasms
  5 giant cockroaches
  11 goblins
  6 hobgoblins
  5 quokkas
  9 ball pythons
  3 frilled lizards
  6 kobolds
  7 rats
86 creatures vanquished.

Notes
Turn   | Place    | Note
-------+----------+-------------------------------------------
     0 | D:1      | cheesebisquit the Minotaur Berserker began the quest for
                  | the Orb.
     0 | D:1      | Reached XP level 1. HP: 19/19 MP: 0/0
   117 | D:1      | Reached skill level 4 in Axes
   122 | D:1      | Reached XP level 2. HP: 22/27 MP: 1/1
   429 | D:1      | Found Resakh's Jewellery Shop.
   492 | D:1      | Found Uchy's Distillery.
   548 | D:1      | Found Ityurale's Distillery.
   724 | D:1      | Reached XP level 3. HP: 32/33 MP: 2/2
   725 | D:1      | Reached skill level 5 in Axes
   730 | D:1      | Found Tasiy's Distillery.
   814 | D:2      | Reached ** piety under Trog
   957 | D:2      | Found Comynit's Antique Armour Emporium.
  1695 | D:2      | Reached XP level 4. HP: 33/40 MP: 3/3
  1807 | D:2      | Reached skill level 6 in Axes
  2032 | D:3      | Found a stormy altar of Qazlal.
  2602 | D:3      | Found a faded altar of an unknown god.
  2738 | D:3      | Noticed an ogre
  2746 | D:3      | Killed an ogre
  2747 | D:3      | Reached skill level 7 in Axes
  2747 | D:3      | Reached XP level 5. HP: 46/46 MP: 4/4
  3025 | D:4      | Found a staircase to the Ecumenical Temple.
  3384 | D:4      | Reached skill level 8 in Axes
  3452 | D:4      | Reached XP level 6. HP: 52/52 MP: 5/5
  3507 | D:4      | Found Cextirhe's Serpentskin Sales.
  3507 | D:4      | Noticed a water moccasin
  3511 | D:4      | Killed a water moccasin
  3608 | D:4      | Found a hazy altar of Hepliaklqana.
  3789 | D:5      | Entered Level 5 of the Dungeon
  3808 | D:5      | Reached skill level 9 in Axes
  3838 | D:5      | Reached XP level 7. HP: 24/58 MP: 6/6
  3840 | D:5      | Slain by an ogre

Illustrated notes

Levels and vault maps discovered:
D:1:      reono_arrival_forest_river, layout_rooms, serial_shops,
          nicolae_square_shop, nicolae_shop_window_shopping,
          nicolae_shop_behind_doors, nicolae_shop_behind_doors
D:2:      layout_loops_ring, serial_shops, shop
D:3:      layout_basic, nicolae_qazlal_general_emergency,
          shapermc_ecumenical_altar_petra, minmay_ogre_servants
D:4:      layout_loops_ring, general_overflow_altar,
          minmay_temple_entry_statues, guppyfry_shop_venom
D:5:      layout_loops_ring, nrook_mini_backslash

Skill      XL: |  1  2  3  4  5  6 |
---------------+-------------------+-----
Axes           | 4 5 7 8 9 |  9.5
Fighting       | |  3.7
Armour         | |  2.5
Dodging        | |  2.2

Action                   |  1- 3 |  4- 6 |  7- 9 || total
-------------------------+-------+-------+-------++-------
Melee: Hand axe          |   102 |   119 |     3 ||   224
       Headbutt          |    13 |    15 |       ||    28
       Punch             |     2 |     1 |       ||     3
Invok: Berserk           |     1 |     3 |       ||     4
       Trog's Hand       |       |     3 |       ||     3
  Use: Scroll            |       |     9 |       ||     9
       Potion            |       |     1 |       ||     1
Armor: Animal skin       |     9 |       |       ||     9
       Ring mail         |    17 |       |       ||    17
       Scale mail        |       |    12 |       ||    12
       Chain mail        |       |    22 |       ||    22
Dodge: Dodged            |    51 |    66 |     1 ||   118
